 Dungeon Crawl Stone Soup version 0.23-a0-577-g2b1de94 (webtiles) character file.

88 Leeroy the Ducker (level 4, 0/34 HPs)
             Began as a Merfolk Skald on Dec 14, 2018.
             Succumbed to an adder's poison
             ... on level 2 of the Dungeon.
             The game lasted 00:06:22 (1489 turns).

Leeroy the Ducker (Merfolk Skald)                   Turns: 1489, Time: 00:06:23

Health: 0/34       AC:  4    Str: 11    XL:     4   Next: 53%
Magic:  7/7        EV: 16    Int: 13    God:
Gold:   95         SH:  7    Dex: 18    Spells: 1/7 levels left

rFire    . . .     SeeInvis .   a - +0 falchion
rCold    . . .     Gourm    .   w - +0 shield
rNeg     . . .     Faith    .   b - +0 leather armour
rPois    .         Spirit   .   (no helmet)
rElec    .         Reflect  .   (no cloak)
rCorr    .         Harm     .   s - +0 pair of gloves
MR       .....                  (no boots)
Stlth    ++........             (no amulet)
HPRegen  0.11/turn              (no ring)
MPRegen  0.10/turn              (no ring)

@: agile, lethally poisoned (0 -> -3), flying
A: change form in water, swift swim, stealthy swim
a: no special abilities


You were on level 2 of the Dungeon.
You were not hungry.

You visited 1 branch of the dungeon, and saw 2 of its levels.

You collected 95 gold pieces.

Inventory:

Hand Weapons
 a - a +0 falchion (weapon)
 e - a +0 spear
 h - a +0 dagger
 i - a +0 whip
 u - a +0 dagger
Missiles
 f - 43 stones (quivered)
 o - 6 javelins
 p - 20 arrows
Armour
 b - a +0 leather armour (worn)
 s - a +0 pair of gloves (worn)
 w - a +0 shield (worn)
Jewellery
 c - an uncursed ring of see invisible {unknown}
Scrolls
 g - 3 scrolls of identify {unknown}
 k - 4 scrolls of teleportation {unknown}
 m - 3 scrolls of immolation {unknown}
 n - a scroll of remove curse {unknown}
 q - a scroll of enchant armour {unknown}
Potions
 v - a potion of flight
Comestibles
 d - 4 rations
 t - 3 chunks of flesh


   Skills:
 + Level 2.6 Fighting
 * Level 3.3 Long Blades
 + Level 1.0 Armour
 * Level 3.8 Dodging
 * Level 2.3 Spellcasting
 + Level 3.7 Charms


You had one spell level left.
You knew the following spells:

 Your Spells              Type           Power        Failure   Level  Hunger
a - Infusion              Chrm           ##..         45%         1    #......
b - Spectral Weapon       Hex/Chrm       #.......     97%         3    ###....
c - Song of Slaying       Chrm           ##......     58%         2    ###....

Your spell library contained the following spells:

 Spells                   Type           Power        Failure   Level  Hunger
 Shroud of Golubria       Chrm/Tloc      #.........   85%         2    ###....
 Regeneration             Chrm/Necr      #.........   97%         3    ###....


Dungeon Overview and Level Annotations

Branches:
Dungeon (2/15)

Altars:


Message History

You barely miss the adder.
The adder is severely wounded.
The adder bites you.
* * * LOW HITPOINT WARNING * * *
You are lethally poisoned!
The adder poisons you! The adder bites you but does no damage.
You hit the adder.
You kill the adder!
* * * LOW HITPOINT WARNING * * *
You feel sick.
It was a potion of magic.
Magic courses through your body.
* * * LOW HITPOINT WARNING * * *
You feel sick.
It was a potion of agility.
You feel agile all of a sudden.
Okay, then.
* * * LOW HITPOINT WARNING * * *
You feel sick.
Your magical contamination has completely faded away.
You die...

##.####.##.# #.#>.......#.
#.# #.##†# #...#####.#.. #..
..##.## #...# #..#.
########...## #...# #.##.
#.#..# #...# #...# ##....#
#...# ####.## .......#.#
######.<.###...##
..####.#.###......)).....#.##
#......@.............#.#
###.###..............#.. #.#
####.#...#.#.#.#.. #.#
#.#...#.#...... ## #.#
#.#...#.#####.. .# #.#
#.#...#.# ### .# ### #.#
#.....#.# # ÷#####.## #.#
#.......# # ........# .#
#.####### #


There were no monsters in sight!

Vanquished Creatures
  2 adders (D:2)
  A gnoll (D:1)
  3 oozes (D:1)
  A dart slug (D:1)
  A leopard gecko (D:1)
  6 bats
  3 giant cockroaches
  5 goblins
  5 hobgoblins
  A jackal (D:1)
  7 kobolds
  A quokka (D:2)
  5 frilled lizards
  3 rats
44 creatures vanquished.

Notes
Turn   | Place    | Note
-------+----------+-------------------------------------------
     0 | D:1      | Leeroy the Merfolk Skald began the quest for the Orb.
     0 | D:1      | Reached XP level 1. HP: 16/16 MP: 3/3
   162 | D:1      | Reached XP level 2. HP: 11/23 MP: 5/5
   665 | D:1      | Reached XP level 3. HP: 16/28 MP: 6/6
   672 | D:1      | Learned a level 3 spell: Spectral Weapon
   995 | D:1      | Upgraded the game from 0.23-a0-565-g3e74e4c to
                  | 0.23-a0-577-g2b1de94
  1122 | D:1      | Learned a level 2 spell: Song of Slaying
  1128 | D:2      | Reached XP level 4. HP: 28/34 MP: 4/7
  1359 | D:2      | Reached skill level 1 in Armour
  1462 | D:2      | HP: 1/34 [adder (3)]
  1483 | D:2      | HP: 1/34 [poisoned by an adder]
  1489 | D:2      | Succumbed to an adder's poison

Vault maps used:
D:1:      dpeg_arrival_brainrot, minmay_vboxes
D:2:      nicolae_overflow_hidden_temple

Skill      XL: |  1  2  3  4 |
---------------+-------------+-----
Dodging        | 3 |  3.8
Long Blades    | 3 |  3.3
Armour         | 1 |  1.0
Fighting       | |  2.6
Spellcasting   | |  2.3
Charms         | |  3.7

Action                   |  1- 3 |  4- 6 || total
-------------------------+-------+-------++-------
Melee: Falchion          |    75 |    46 ||   121
 Cast: Song of Slaying   |     1 |       ||     1
  Use: Potion            |     2 |     4 ||     6
  Eat: Chunk             |     1 |     1 ||     2
Armor: Leather armour    |    36 |    13 ||    49
Dodge: Dodged            |    82 |    45 ||   127
Block: Shield            |       |     5 ||     5
       Rpst.: Falchion   |    34 |    23 ||    57

Table legend:
 A = Non-vault XP
 B = Vault XP
 C = Vault XP percentage of total XP
 D = Non-vault monster count
 E = Vault monster count
 F = Vault count percentage of total count
                 A         B        C        D         E       F
            +---------+---------+-------+---------+---------+-------
      Total |     120 |       6 |   4.8 |      40 |       4 |   9.1
            +---------+---------+-------+---------+---------+-------
        D:1 |      72 |       6 |   7.7 |      25 |       4 |  13.8
        D:2 |      48 |       0 |   0.0 |      15 |       0 |   0.0
            +---------+---------+-------+---------+---------+-------
